 Dungeon Crawl Stone Soup version 0.29-a0-541-gaf1fc19f1b (webtiles) character file.

Game seed: 3945814694391168872

67 rabbitsville the Slasher (level 3, 0/46 HPs)
             Began as a Palentonga Abyssal Knight on June 2, 2022.
             Was a Priest of Lugonu.
             Slain by an adder (2 damage)
             ... on level 2 of the Dungeon.
             The game lasted 00:05:17 (1619 turns).

rabbitsville the Slasher (PaAK)                     Turns: 1619, Time: 00:05:17

Health: 0/46       AC: 21    Str: 16    XL:     3   Next: 98%
Magic:  4/5        EV:  1    Int: 10    God:    Lugonu [***...]
Gold:   125        SH:  0    Dex: 12    Spells: 2/2 levels left

rFire   . . .      SeeInvis +   a - +1 falchion
rCold   . . .      Faith    .   (no shield)
rNeg    . . .      Spirit   .   (body armour currently unavailable)
rPois   +          Reflect  .   (helmet currently unavailable)
rElec   .          Harm     .   (cloak currently unavailable)
rCorr   .          Rampage  .   (gloves currently unavailable)
Will    +....      NoTele   +   (no barding)
Stlth   +.........              (no amulet)
HPRegen 0.15/turn               (no ring)
MPRegen 0.09/turn               (no ring)

@: tree-form
A: stationary, stasis, torment immunity, boosted hp, large, rugged brown scales
3, see invisible, (deformed body), (roll 1), (armoured tail), strong-willed 1,
(shaggy fur 1)
a: Renounce Religion, Depart the Abyss, Bend Space, Banish


You were on level 2 of the Dungeon.
You worshipped Lugonu.
Lugonu was most pleased with you.
You were a tree.
You visited 1 branch of the dungeon, and saw 2 of its levels.
You visited the Abyss 1 time.

You collected 125 gold pieces.

Inventory:

Hand Weapons
 a - a +1 falchion (weapon)
Armour
 b - a +0 leather armour (melded)
Scrolls
 c - a scroll of magic mapping {unknown}
 d - a scroll of blinking {unknown}
 g - 3 scrolls of identify {unknown}
 j - a scroll of amnesia {unknown}
 k - a scroll of vulnerability {unknown}
Potions
 f - 2 potions of might
 i - a potion of mutation


   Skills:
 - Level 3.0 Fighting
 * Level 3.7 Long Blades
 - Level 1.5 Armour
 - Level 0.7 Dodging
 + Level 3.0 Invocations


You had 2 spell levels left.
You didn't know any spells.
Your spell library was empty.

Dungeon Overview and Level Annotations

Branches:
Dungeon (2/15)

Altars:


Innate Abilities, Weirdness & Mutations

You are a tree.
Your roots penetrate the ground, keeping you stationary.
You cannot be teleported.
You are immune to unholy pain and torment.
Your maximum health is greatly increased.
Your equipment is partially melded.
(You are completely covered in rugged brown scales. (AC +3, +7% HP))
You have supernaturally acute eyesight. (SInv)
((Armour fits poorly on your strangely shaped body.))
((You can roll at nearby foes to attack.))
((You have a long armoured tail.))
You are strong-willed. (Will+)
((You are covered in fur. (AC +1)))


Message History

You are poisoned.
The adder poisons you!
You barely miss the adder.
You feel sick. The adder bites you but does no damage.
The quokka closely misses you.
You barely miss the adder.
You feel sick. The adder bites you. The quokka closely misses you.
The adder bites you.
You are more poisoned.
The adder poisons you!
You closely miss the adder.
You feel sick. The quokka bites you. The adder barely misses you.
The quokka bites you but does no damage.
Space bends violently around you!
You blink.
Found a lumpy lapis lazuli amulet.
You feel sick. The quokka bites you.
* * * LOW HITPOINT WARNING * * *
It was a potion of mutation.
You feel extremely strange. Fur sprouts all over your body.
You feel strong-willed.
* * * LOW HITPOINT WARNING * * *
You feel sick.
The quokka bites you but does no damage.
Unknown command.
It was a potion of lignification.
You turn into a tree.
Your +0 leather armour melds into your body.
Your roots penetrate the ground.
You feel sick. The quokka bites you.
* * * LOW HITPOINT WARNING * * *
You miss the quokka.
* * * LOW HITPOINT WARNING * * *
You feel sick.
The quokka bites you but does no damage. x2
You hit the quokka but do no damage.
* * * LOW HITPOINT WARNING * * *
You feel sick.
You are no longer poisoned.
The quokka bites you but does no damage.
You slash the quokka!
You kill the quokka!
Lugonu accepts your kill.
You hit the adder.
The adder is lightly wounded.
The adder bites you but does no damage. The adder bites you.
You die...

#.####.#####..
#.# ###)###
#.....# ..###
##.###.#
......#..# ...
#......†###.###
.....##S.....#
...# #♣###.###
..#...## ...
#...... ###
....+.. ".. #..
#. #.. . ...
...


You could see an adder.

Vanquished Creatures
  3 adders (D:2)
  A worm (D:2)
  A dart slug (D:1)
  An endoplasm (D:1)
  3 giant cockroaches (D:2)
  3 goblins
  2 hobgoblins
  4 jackals (D:1)
  A quokka (D:2)
  2 ball pythons (D:1)
  2 bats (D:1)
  8 kobolds
  5 rats
36 creatures vanquished.

Notes
Turn   | Place    | Note
-------+----------+-------------------------------------------
     0 | Abyss:1  | rabbitsville the Palentonga Abyssal Knight began the quest
                  | for the Orb.
     0 | Abyss:1  | Reached XP level 1. HP: 19/19 MP: 2/2
    61 | Abyss:1  | Found a corrupted altar of Lugonu.
    64 | Abyss:1  | Found a corrupted altar of Lugonu.
    86 | D:1      | Escaped the Abyss
   219 | D:1      | Reached XP level 2. HP: 19/25 MP: 3/3
  1226 | D:2      | Reached XP level 3. HP: 9/31 MP: 2/5
  1606 | D:2      | Reached *** piety under Lugonu
  1614 | D:2      | Gained mutation: You are covered in fur. (AC +1) [potion of
                  | mutation]
  1614 | D:2      | Gained mutation: You are strong-willed. (Will+) [potion of
                  | mutation]
  1616 | D:2      | HP: 2/46 [poisoned by an adder]
  1619 | D:2      | Slain by an adder

Illustrated notes

Levels and vault maps discovered:
D:1:      elethiomel_arrival_quiet, layout_basic, patterned_corridor
D:2:      layout_loops_ring, hellmonk_ecumenical_altar_blasted, basic_altar

Skill      XL: |  1  2  3 |
---------------+----------+-----
Long Blades    | 3 |  3.7
Invocations    | 3 |  3.0
Fighting       | |  3.0
Armour         | |  1.5
Dodging        | |  0.7

Action                   || total
-------------------------++-------
Melee: Falchion          ||    99
       Tailslap          ||    15
Invok: Bend Space        ||     2
 Abil: Rolling Charge    ||    22
  Use: Potion            ||     5
Armor: Leather armour    ||    33
       Skin              ||     4
Dodge: Dodged            ||    43

Table legend: (Time is in decaauts)
 A = Elapsed time spent in this place.
 B = Non-inter-level travel time spent in this place.
 C = Inter-level travel time spent in this place.
 D = Time resting spent in this place.
 E = Time spent auto-exploring this place.
 F = Levels seen in this place.
 G = Mean time per level.
                   A        B        C        D        E       F      G
               +--------+--------+--------+--------+--------+-----+--------+
         Total |   1639 |   1563 |     76 |    206 |   1016 |   3 |  546.3 |
       Dungeon |   1549 |   1473 |     76 |    206 |   1016 |   2 |  774.5 |
         Abyss |     90 |     90 |      0 |      0 |      0 |   1 |   90.0 |
               +--------+--------+--------+--------+--------+-----+--------+

Top non-repeatable levels by time:
     D:1: 1131 daAuts
     D:2: 417 daAuts
 Abyss:1: 90 daAuts
